Gardenia, chaotic male elven Priest ------- |.....| ----------- ##......| |.........- # |.....| |.........| ####+.....| |..........######`|...<.| |.....>...| #u@f#`----|-- ----.------ # # # `######################### ## ###### # -.------- # ####################### |.......| ### ## #### -.-+-.----- |.{.....| # ------.--- # ######...(......| ##.........######## ------ |......... # # |.........| # --------- # # |...^| |........|# ### |..........#### ####.....| |.........# # |.........| |....| |...{..>.|### |.........| ##-....| |.........# ----------- ------ ---------- Gardenia the Acolyte Experience level: 5 Strength: 12 Dexterity: 13 Constitution: 16 Intelligence: 11 Wisdom: 20 Charisma: 7 Health: 0(37) Energy: 57(57) Def: 7 Gold: 20 Moves: 2617 Dungeon seed: 9CBxN8RirV8bmVgJ Game ID: Gardenia_1614534651 Your Inventory: Coins $ - 20 gold pieces Weapons a - a blessed +1 mace (weapon in hand) v - a +0 elven bow H - a blessed +0 axe J - 12 blessed +0 darts (in quiver) K - a +0 elven spear O - a +0 bow R - a +0 aklys (alternate weapon; not wielded) Armor e - a +1 dwarvish cloak (being worn) n - a +1 small shield (being worn) y - a blessed +1 orcish helm (being worn) z - a +0 leather armor (being worn) N - a +0 helm of brilliance Comestibles d - 2 sprigs of wolfsbane i - a tripe ration Spellbooks f - a spellbook of detect food g - a spellbook of remove curse j - a spellbook of haste self o - a spellbook of magic missile Potions b - 4 potions of holy water Wands k - a wand of cancellation (0:4) Tools l - a brass lantern (0:1056) M - a tooled horn U - a skeleton key V - a tin whistle Gems q - a worthless piece of white glass r - 2 jasper stones T - a fluorite stone Y - a worthless piece of orange glass Spells and supernatural/magical abilities: Name Level Category Fail Memory m - magic missile 2 attack 74% 88% r - remove curse 3 clerical 0% 87% E - detect food 2 divination 74% 87% H - haste self 3 escape 92% 88% W - pray for help -- divine ? -- X - turn undead -- divine ? -- Your skills at the end: Fighting Skills Weapon Skills mace [Basic] Spellcasting Skills clerical spells [Basic] Final Attributes: You were piously aligned. You were sleep resistant. You had infravision. You were lucky. You are dead. Vanquished creatures: 2 small mimics a dog a shrieker 2 gnome lords a little dog 3 dwarves a kobold lord a rothe a monkey an iguana 2 coyotes a hobbit 5 manes 2 giant rats 2 cave spiders 2 brown molds a yellow mold a red mold 9 gnomes a gnome zombie a gecko 6 jackals a goblin 6 sewer rats 2 grid bugs a bat 3 lichens a kobold zombie a newt 62 creatures vanquished. Genocided species: master liches 1 species genocided. Voluntary challenges: You used a wielded weapon 69 times, starting on turn 50. You read items or engraved 14 times, starting on turn 88. You genocided 1 type of monster, starting on turn 571. You never polymorphed an object. You never changed form. You used no wishes. You never split a pudding. You never wrote Elbereth's name. You never violated your personal moral code. Dungeon overview: The Dungeons of Doom: levels 1 to 5 Level 1 a long staircase Level 2 a fountain Level 3 an armor shop Level 4 <- You were here some fountains stairs to The Gnomish Mines Level 5 The Gnomish Mines: Level 5 stairs to The Dungeons of Doom History has recorded: On T:1 you entered the Dungeons of Doom to retrieve the Amulet of Yendor! On T:371 you reached level 2 of The Dungeons of Doom. On T:730 you reached level 3 of The Dungeons of Doom. On T:756 you advanced to experience level 2. On T:986 you advanced to experience level 3. On T:996 you advanced to experience level 4. On T:1414 you reached level 4 of The Dungeons of Doom. On T:1743 you reached level 5 of The Dungeons of Doom. On T:1799 you advanced to experience level 5. On T:2149 you reached level 1 of The Gnomish Mines. Score breakdown: Gold: 20 ( 4497 points) Experience: 5 levels (11141 points) Exploration: 5 levels ( 11.11%) ( 9045 points) Discoveries: 11 items ( 3.83%) ( 5873 points) Valuables value: (no points given unless you survive) Artifact value: 0 ( 0 points) Variety of kills: 29 monsters ( 7.61%) ( 8276 points) Turncount: 2617 turns ( -398 points) Survival: died (score multiplied by 80%) Total score: 30747 Latest messages: You stop running. Qwerty eats a dog corpse. There are a few objects here. You see here a thonged club. There are a few objects here. You see here a dagger. You see here a cursed dagger. Qwerty moves only reluctantly. (2x) The leprechaun falls into a pit! That food really hit the spot! You finish eating the food ration. You displace Qwerty. The pony kicks! The pony bites! You hit the pony! The pony kicks! The pony bites! You miss the pony. The pony kicks! The pony just misses! You hit the pony. The pony misses. (2x) The pony kicks! You die... Final status: Goodbye Gardenia the Priest, killed by a pony... You died in The Dungeons of Doom on dungeon level 4 with 30747 points, and 20 pieces of gold, after 2617 moves. You were level 5 with a maximum of 37 hit points when you died.